 Dungeon Crawl Stone Soup version 0.26-a0-651-gb41185065b (webtiles) character file.

Game seed: 6502884441854388981

(classic levelgen) 370558 EnegeticOcto the Champion of Chaos (level 21, -10/213 HPs)
             Began as a Deep Dwarf Fighter on Sept 30, 2020.
             Was the Champion of Makhleb.
             Killed from afar by an orb of fire (15 damage)
             ... with a bolt of fire
             ... on level 5 of the Realm of Zot.
             The game lasted 00:22:16 (17883 turns).

EnegeticOcto the Champion of Chaos (DDFi)          Turns: 17883, Time: 00:22:17

Health: -10/213    AC: 34    Str: 27    XL:     21   Next: 33%
Magic:  0/0        EV: 12    Int: 10    God:    Makhleb [******]
Gold:   780        SH:  8    Dex: 18    Spells: 20/20 levels left

rFire    + + .     SeeInvis .   s - +7 war axe (freeze)
rCold    + + +     Faith    .   u - +0 buckler of Qyhin {rElec Dex+8}
rNeg     + . .     Spirit   .   k - +0 gold dragon scales
rPois    +         Reflect  .   h - +2 helmet
rElec    +         Harm     .   l - +2 cloak
rCorr    .         Rampage  .   G - +2 pair of gloves
MR       +++..     Rnd*Rage +   y - +2 pair of boots
Stlth    ..........             F - amulet "Rimann" {RegenMP +Blink rC++}
HPRegen  0.00/turn              A - +4 ring of protection
MPRegen  0.32/turn              H - ring of protection from fire

@: marked, contaminated, non-regenerating, glowing
A: damage resistance, heal wounds, berserk 1, blurry vision 3, clumsy 1,
deformed body, deterioration 2, negative energy resistance 1, sense surroundings
3, screaming 1, weak 1, subdued magic 2, no regeneration
}: 3/15 runes: decaying, serpentine, abyssal
a: Heal Wounds, Minor Destruction, Lesser Servant of Makhleb, Major Destruction,
Greater Servant of Makhleb, Renounce Religion, Evoke Blink


You were on level 5 of the Realm of Zot.
You worshipped Makhleb.
Makhleb was exalted by your worship.
You visited 8 branches of the dungeon, and saw 39 of its levels.
You visited the Abyss 1 time.
You also visited: Volcano.

You collected 2978 gold pieces.
You spent 2198 gold pieces at shops.

Inventory:

Hand Weapons
 a - a +0 broad axe
 s - a +7 war axe of freezing (weapon)
Missiles
 f - a throwing net (quivered)
Armour
 h - a +2 helmet (worn)
 k - +0 gold dragon scales (worn)
 l - a +2 cloak (worn)
 r - the +0 plate armour of the Saviour {rPois}
   (You bought it in a shop on level 2 of the Orcish Mines)

   It protects you from poison.
 u - the +0 buckler of Qyhin (worn) {rElec Dex+8}
   (You found it on level 9 of the Dungeon)

   It affects your dexterity (+8).
   It insulates you from electricity.
 y - a +2 pair of boots (worn)
 G - a +2 pair of gloves (worn)
 I - a +3 chain mail of fire resistance
 J - a +2 tower shield of fire resistance
Jewellery
 j - a +6 ring of strength
 x - an uncursed ring of protection from cold
 A - a +4 ring of protection (left hand)
 F - the amulet "Rimann" (around neck) {RegenMP +Blink rC++}
   (You found it on level 2 of the Lair of Beasts)

   [amulet of magic regeneration]

   It increases your magic regeneration.
   It greatly protects you from cold.
   It lets you blink.
 H - a ring of protection from fire (right hand)
 S - an uncursed amulet of reflection
 U - an uncursed ring of flight {unknown}
Wands
 z - a wand of iceblast (28) {@v2}
 L - a wand of polymorph (9)
 T - a wand of paralysis (9)
Scrolls
 e - 3 scrolls of fear
 i - 6 scrolls of identify {@r1}
 o - 12 scrolls of remove curse {@r2}
 D - 2 scrolls of silence
 E - 4 scrolls of fog
 N - 2 scrolls of enchant armour
 O - a scroll of holy word
 P - a scroll of blinking
 R - 2 scrolls of vulnerability
 V - a scroll of brand weapon
Potions
 b - 10 potions of ambrosia
 d - 2 potions of might {@q3}
 g - a potion of lignification {@q7}
 m - 3 potions of curing {@q1}
 p - a potion of flight
 t - 2 potions of stabbing {@q5}
 v - 5 potions of heal wounds {@q2}
 w - 3 potions of magic
 B - 6 potions of berserk rage
 C - 2 potions of mutation
 M - 4 potions of invisibility
Miscellaneous
 Q - a condenser vane (2/2)


   Skills:
 * Level 18.6 Fighting
 - Level 18.0 Axes
 + Level 17.1 Armour
 + Level 10.4 Dodging
 - Level 15.2 Shields
 * Level 19.9 Invocations
 - Level 10.0 Evocations


You had 20 spell levels left.
You didn't know any spells.
Your spell library was empty.

Dungeon Overview and Level Annotations

Branches:
Dungeon (15/15)            Temple (1/1) D:6            Lair (3/6) D:11
  Swamp (4/4) Lair:3        Snake (4/4) Lair:2          Orc (2/2) D:9
    Elf (0/3) Orc:2        Depths (5/5) D:15            Zot (5/5) Depths:5
Volcano (visited)
 Vaults: D:13-14

Altars:
Ashenzari
Cheibriados
Dithmenos
Elyvilon
Hepliaklqana
Makhleb
Nemelex Xobeh
Okawaru
Qazlal
Sif Muna
Trog
Uskayaw
Vehumet
Wu Jian
Xom
Yredelemnul
Zin
The Shining One
Beogh

Shops:
D:15 *   Orc:2 [=(:*   Snake:1 *   Snake:4 ?   Depths:1 ![!}

Portals:
Hell: Depths:1
Abyss: Depths:2
Pandemonium: Depths:3 Depths:5
Ziggurat: Depths:2

Annotations:
D:4 exclusion: 2 goblins


Innate Abilities, Weirdness & Mutations

You are resistant to damage.
You can heal yourself by infusing magical energy.
You resist negative energy. (rN+)
You passively map a large area around you.
You do not regenerate.
You tend to lose your temper in combat.
Scrolls take you much longer to read.
You are clumsy. (Dex -2)
Armour fits poorly on your strangely shaped body.
Your body often deteriorates upon taking damage.
You occasionally shout uncontrollably at your foes.
You are weak. (Str -2)
Your spells are easier to cast, but less powerful.


Message History

Really read with blurry vision while enemies are nearby? [Y]es or [N]o only, please.
Really read with blurry vision while enemies are nearby? [Y]es or [N]o only, please.
Really read with blurry vision while enemies are nearby?
You block the Orb Guardian's attack.
The red draconian annihilator mumbles some strange words.
The red draconian annihilator blinks!
The Orb Guardian hits you but does no damage.
You begin reading the scroll.
You continue reading the scroll.
The electric golem blinks!
The orb of fire emits a lurid red light.
The bolt of fire hits you!! You resist.
The storm dragon breathes lightning at you.
The bolt of lightning hits you. You resist.
You block the Orb Guardian's attack.
The orb of fire emits a lurid red light.
The bolt of fire hits you! You resist.
You hear a roar! x2
You continue reading the scroll.
The Orb Guardian hits you! The storm dragon bites you.
The storm dragon barely misses you.
The storm dragon tramples you but does no damage.
Press: ? - help, Dir - move target cursor, p - death cob
As you read the scroll of blinking, it crumbles to dust.
A moth of wrath comes into view.
The green draconian monk roars!
The white draconian roars!
The moth of wrath's fur bristles in rage as it notices you.
The white draconian breathes frost at you.
The chilling blast hits you but does no damage.
The orb of fire glows yellow.
The fireball explodes!
The fireball engulfs you! You resist.
* * * LOW HITPOINT WARNING * * *
The moth of wrath goads the green draconian on!
The green draconian goes berserk!
The green draconian completely misses you.
The green draconian tail-slaps you!
* * * LOW HITPOINT WARNING * * *
An Orb Guardian comes into view.
You hear a loud "Zot"!
The red draconian annihilator gestures wildly while chanting.
The red draconian annihilator blinks!
The green draconian hits you but does no damage.
The green draconian barely misses you.
You closely miss the moth of wrath. You closely miss the orb of fire.
You slash the green draconian! You freeze the green draconian.
You block the moth of wrath's attack.
An Orb Guardian comes into view.
The white draconian enters a dispersal trap!
The moth of wrath blinks!
The green draconian monk blinks!
The orb of fire blinks! x2; The white draconian blinks!
The green draconian blinks!
The green draconian monk blinks!
The green draconian blinks!
The moth of wrath blinks!
The Orb Guardian blinks!
The green draconian monk blinks!
The orb of fire blinks! x2
The white draconian blinks!
The Orb Guardian blinks!
The Orb Guardian pulls the alarm!
The alarm trap emits a blaring wail!
A sentinel's mark forms upon you.
The orb of fire blinks!
You blink.
The white draconian blinks!
You hear a deafening roar!
You hear a roar! x2; You hear a shout!
You feel a little less mighty now.
You hear a roar!
The orb of fire enters a dispersal trap!
The orb of fire blinks!
The green draconian blinks!
The electric golem blinks!
The orb of fire blinks!
The Orb Guardian blinks!
The electric golem blinks!
The green draconian blinks!
The moth of wrath blinks!
The moth of wrath enters a dispersal trap!
The green draconian monk blinks!
The white draconian blinks!
The orb of fire blinks!
The Orb Guardian blinks!
The orb of fire blinks!
You hear a loud "Zot"!
The power of Zot is invoked against you!
You are contaminated with residual magic.
The orb of fire blinks! x2; The electric golem blinks!
The green draconian blinks!
You blink.
The orb of fire glows red.
The bolt of fire hits you!! You resist.
* * * LOW HITPOINT WARNING * * *
The red draconian annihilator mumbles some strange words.
The red draconian annihilator blinks!
The red draconian annihilator drops a net on you.
A large net falls onto you!
You become entangled in the net!
The orb of fire emits a lurid red light.
The bolt of fire hits the orb of fire.
The orb of fire completely resists.
The bolt of fire hits you! You resist.
* * * LOW HITPOINT WARNING * * *
The Orb Guardian hits you!!
* * * LOW HITPOINT WARNING * * *
The moth of wrath enters a dispersal trap!
The electric golem blinks!
The green draconian blinks!
The Orb Guardian blinks!
The orb of fire blinks!
The green draconian blinks!
The Orb Guardian blinks! x2
The orb of fire blinks!
The white draconian blinks!
The red draconian annihilator blinks!
You blink.
The moth of wrath blinks!
The orb of fire glows red.
The fireball explodes!
The fireball engulfs you! You resist.
* * * LOW HITPOINT WARNING * * *
The fireball engulfs the orb of fire.
The orb of fire completely resists.
The fireball engulfs the orb of fire.
The orb of fire completely resists.
The orb of fire emits a lurid red light.
The bolt of fire hits you! You resist.
You die...

* §........§.....^.......▓ ,
.......................▓ **
.§....§.§.............▓ ,,
..............§8.....▓*
....§......§........▓▓ ,
.....§..§.§d..X...*..▓▓ , *
X....§.§X.*$§§.....^..▓▓ ,
....dq...§§.§...§......▓ *
....d.....@**..........▓
^..........*§.........▓▓
#▓......§..§.........▓▓
▓▓▓▓...........zX..▓▓
#▓▓▓▓▓▓▓▓▓▓▓##8....▓▓
###.†...^.............#
##....##................# *
#...###..................#
....).###....................#


You could see 4 orbs of fire, an electric golem, a green draconian (berserk), 2
draconians, a death cob (paralysed), 3 Orb Guardians and a red draconian
annihilator.

Vanquished Creatures
  2 ancient liches (Zot:5)
  2 orbs of fire (Zot:5)
  2 juggernauts (Depths:5)
  2 Killer Klowns (Zot:5)
  A caustic shrike (shapeshifter) (Abyss:3)
  A curse toe (Zot:3)
  2 bone dragons (Abyss:3)
  Nikola (Swamp:4)
  9 golden dragons
  An electric golem (Zot:2)
  2 tentacled monstrosities
  6 Orb Guardians (Zot:5)
  2 liches
  2 deep elf blademasters (Abyss:3)
  A quicksilver dragon (Zot:2)
  Gastronok (D:10)
  5 storm dragons
  3 death cobs
  Kirke (Snake:4)
  3 tengu reavers
  3 thorn hunters
  A draconian monk (Zot:2)
  5 nagarajas (Snake:4)
  A draconian knight (Zot:2)
  2 shadow dragons
  An iron dragon (Depths:5)
  A frost giant (Depths:1)
  A ghost moth (Zot:5)
  3 fire giants
  A draconian annihilator (Depths:5)
  3 draconian shifters
  2 balrugs
  A draconian scorcher (Zot:2)
  A spriggan defender (Depths:5)
  A draconian stormcaller (Abyss:3)
  An entropy weaver (Abyss:3)
  13 very ugly things
  5 stone giants
  A vampire knight (Depths:5)
  3 yellow draconians
  7 black draconians
  4 spark wasps (Depths:3)
  A deep elf demonologist (Abyss:3)
  3 red draconians
  3 purple draconians (Zot:1)
  5 white draconians
  A blizzard demon (Depths:5)
  4 fire dragons
  An ettin (Depths:1)
  3 yaktaur captains (Depths:5)
  3 great orbs of eyes
  4 rakshasas
  4 ogre magi
  10 naga warriors
  A spriggan air mage (Depths:5)
  9 hydras
  5 ice dragons
  3 shambling mangroves
  4 centaur warriors
  A death knight (D:15)
  8 alligators
  7 anacondas
  15 two-headed ogres
  A deep troll earth mage (Depths:2)
  A satyr (Abyss:3)
  3 hell hogs (Abyss:3)
  A deep troll shaman (Depths:5)
  6 tengu warriors
  2 vampire magi (Depths:5)
  6 death yaks
  16 naga sharpshooters
  4 spriggan berserkers
  4 thrashing horrors
  An orc high priest (Orc:2)
  11 large abominations
  6 shock serpents
  An iron troll (Depths:5)
  5 wretched stars
  2 spatial maelstroms (Abyss:3)
  A shadow wraith (Abyss:1)
  5 glowing orange brains
  A hell knight (Depths:5)
  A torturous demonspawn (Depths:3)
  2 wizards
  A gelid demonspawn (Depths:3)
  An unseen horror (Abyss:3)
  4 skeletal warriors (D:15)
  A flayed ghost (Depths:3)
  3 phantasmal warriors
  6 naga ritualists
  3 starcursed masses (Abyss:3)
  An obsidian statue (Volcano)
  8 swamp dragons
  Pikel (D:6)
  5 orc knights
  9 mana vipers
  36 ugly things
  7 worldbinders (Abyss:3)
  6 moths of wrath
  6 orc sorcerers
  2 cyclopes
  An elephant (shapeshifter) (D:15)
  A black mamba (shapeshifter) (Depths:1)
  A centaur zombie (D:12)
  4 salamanders
  3 guardian serpents (Snake:4)
  An eye of devastation (Abyss:2)
  20 black mambas
  A rust devil (Abyss:3)
  A shock serpent zombie (Abyss:3)
  22 naga magi
  A water nymph (Abyss:3)
  A torpor snail (Lair:2)
  5 smoke demons
  11 cane toads
  4 yaktaurs
  A kobold demonologist (D:14)
  A rime drake (Zot:2)
  2 freezing wraiths (D:15)
  A dire elephant skeleton (Abyss:3)
  3 komodo dragons
  3 efreet
  6 red devils
  2 ice devils
  6 hellwings
  A silent spectre (Abyss:3)
  A queen bee (D:9)
  5 trolls
  An ancient zyme (Abyss:1)
  A polar bear (Lair:2)
  8 hornets
  4 tyrant leeches
  Prince Ribbit (D:5)
  2 harpy skeletons
  A snapping turtle (shapeshifter) (Depths:3)
  7 blink frogs
  8 hippogriffs
  24 slime creatures
  6 bog bodies
  20 raiju
  A hippogriff (shapeshifter) (Depths:2)
  A centaur simulacrum (D:15)
  An air elemental (Abyss:3)
  3 shadows
  2 tarantellas (shapeshifter) (D:15)
  4 spriggans
  A wraith (D:14)
  2 water elementals (Abyss:3)
  2 wyverns
  A basilisk (Lair:3)
  6 ynoxinuls
  21 yaks
  8 fire bats
  A steam dragon (Lair:3)
  6 hogs (Snake:4)
  2 chaos spawn (Abyss:3)
  2 golden eyes (Abyss:3)
  5 spatial vortices (Abyss:3)
  15 vampire mosquitoes
  2 neqoxecs
  9 small abominations
  10 insubstantial wisps (Swamp:1)
  44 nagas
  2 swamp worms
  4 water moccasins
  A naga (shapeshifter) (D:14)
  A floating eye (Depths:3)
  Duvessa (D:5)
  26 orc warriors
  4 porcupines
  4 sky beasts
  6 swamp drakes
  A black bear (Lair:2)
  A hornet zombie (D:15)
  3 ice beasts
  A phantom (D:8)
  17 ogres
  6 wolves (Lair:2)
  4 centaurs
  4 crocodiles
  7 big kobolds
  A crocodile (shapeshifter) (D:15)
  11 bullfrogs
  2 wyvern zombies
  2 gnoll sergeants
  Dowan (D:5)
  A water moccasin zombie (D:8)
  A wyvern skeleton (D:11)
  3 scorpions
  33 killer bees
  5 wights (D:7)
  9 howler monkeys
  2 lava snakes (Volcano)
  2 quasits (Abyss:3)
  3 hounds
  4 crimson imps (Abyss:3)
  3 bullfrog zombies
  8 orc priests
  4 iron imps (Abyss:3)
  20 orc wizards
  6 centaur skeletons
  3 iguanas (D:8)
  A bullfrog skeleton (D:6)
  Natasha (twice) (D:2)
  9 worker ants
  3 hound skeletons
  A worker ant zombie (D:8)
  8 gnolls
  6 adders
  A shadow imp (D:7)
  9 white imps
  3 ufetubi
  3 oozes
  An adder zombie (D:9)
  3 adder skeletons (D:7)
  A worm (D:2)
  2 dart slugs (D:4)
  5 leopard geckos
  55 orcs
  4 bats
  5 giant cockroaches
  5 goblins
  2 hobgoblins
  6 jackals
  2 quokkas
  2 ball pythons (Snake:4)
  A ball python skeleton (D:4)
  A jackal skeleton (D:7)
  34 kobolds
  2 leopard gecko skeletons
  A quokka skeleton (D:9)
  A rat (D:2)
  2 briar patches (Swamp:3)
  A lurking horror (Abyss:3)
1125 creatures vanquished.

Vanquished Creatures (collateral kills)
  Mara (Swamp:4)
  A curse toe (Zot:4)
  A golden dragon (Zot:4)
  A quicksilver dragon (Zot:2)
  A death cob (Zot:2)
  A nagaraja (Snake:4)
  A thorn hunter (Swamp:4)
  A shadow dragon (Zot:2)
  An orc warlord (Orc:2)
  A draconian annihilator (Abyss:3)
  Snorg (D:14)
  2 hydras (Swamp:4)
  A naga warrior (Snake:4)
  A shambling mangrove (Swamp:4)
  A thrashing horror (Abyss:3)
  A naga sharpshooter (Snake:4)
  A swamp dragon (Swamp:4)
  2 orc sorcerers (Orc:2)
  4 slime creatures (Swamp:4)
  A moth of wrath (Zot:2)
  3 naga magi (Snake:4)
  A raiju (Abyss:3)
  A tyrant leech (Swamp:4)
  A naga (Snake:4)
  A swamp worm (Swamp:4)
  2 swamp drakes (Swamp:4)
  An orc warrior (Orc:2)
  A snapping turtle skeleton (Abyss:3)
36 creatures vanquished.

Vanquished Creatures (others)
  A deep troll (Depths:2)
  A spriggan druid (Swamp:4)
  An ugly thing (Depths:2)
  A water nymph (Abyss:3)
  An apocalypse crab (Abyss:3)
  3 naga magi (Snake:4)
  A raiju (Abyss:3)
  2 water elementals (Depths:1)
  A swamp drake (Swamp:4)
  A large abomination (Abyss:3)
  A small abomination (Abyss:3)
  A briar patch (Swamp:3)
  24 fungi
  14 plants
  4 starspawn tentacles (Abyss:1)
  5 toadstools (Depths:1)
62 creatures vanquished.

Grand Total: 1223 creatures vanquished

Notes
Turn   | Place    | Note
-------+----------+-------------------------------------------
     0 | D:1      | EnegeticOcto the Deep Dwarf Fighter began the quest for the
                  | Orb.
     0 | D:1      | Reached XP level 1. HP: 20/20 MP: 1/1
    86 | D:1      | Reached XP level 2. HP: 27/27 MP: 2/2
   251 | D:2      | Reached XP level 3. HP: 30/33 MP: 3/3
   302 | D:2      | Noticed Natasha
   320 | D:2      | Killed Natasha
   334 | D:2      | Reached XP level 4. HP: 41/42 MP: 4/4
   392 | D:2      | Noticed Natasha
   401 | D:2      | Killed Natasha
   545 | D:4      | Noticed an ogre
   557 | D:4      | Killed an ogre
   557 | D:4      | Reached XP level 5. HP: 30/49 MP: 5/5
   632 | D:4      | Reached XP level 6. HP: 47/56 MP: 5/5
   660 | D:4      | Reached skill level 5 in Axes
  1005 | D:5      | Entered Level 5 of the Dungeon
  1028 | D:5      | Noticed Dowan
  1028 | D:5      | Noticed Duvessa
  1047 | D:5      | Killed Duvessa
  1047 | D:5      | Reached XP level 7. HP: 64/64 MP: 6/6
  1060 | D:5      | Killed Dowan
  1060 | D:5      | Reached skill level 5 in Armour
  1060 | D:5      | Reached skill level 5 in Shields
  1188 | D:5      | Noticed Prince Ribbit
  1296 | D:5      | Found a shimmering blue altar of Sif Muna.
  1449 | D:5      | Killed Prince Ribbit
  1808 | D:6      | Found a staircase to the Ecumenical Temple.
  1829 | D:6      | Reached XP level 8. HP: 51/73 MP: 7/7
  2010 | D:6      | Noticed Pikel
  2023 | D:6      | Killed Pikel
  2023 | D:6      | Reached skill level 5 in Fighting
  2113 | Temple   | Entered the Ecumenical Temple
  2216 | Temple   | Became a worshipper of Makhleb the Destroyer
  2517 | D:7      | Reached skill level 1 in Invocations
  2539 | D:7      | Gained mutation: You passively map the area around you.
                  | [Deep Dwarf growth]
  2539 | D:7      | Reached XP level 9. HP: 61/81 MP: 9/9
  2566 | D:7      | Reached skill level 2 in Invocations
  2582 | D:7      | Reached * piety under Makhleb
  2733 | D:7      | Noticed a troll
  2759 | D:7      | Killed a troll
  2945 | D:7      | Reached skill level 3 in Invocations
  3356 | D:8      | Reached skill level 4 in Invocations
  3367 | D:8      | Reached ** piety under Makhleb
  3450 | D:8      | Reached XP level 10. HP: 82/91 MP: 11/11
  3454 | D:8      | Reached skill level 10 in Axes
  3508 | D:8      | Reached skill level 5 in Invocations
  3813 | D:8      | Reached *** piety under Makhleb
  4095 | D:9      | Reached skill level 6 in Invocations
  4190 | D:9      | Found a staircase to the Orcish Mines.
  4207 | D:9      | Reached **** piety under Makhleb
  4219 | D:9      | Found a roughly hewn altar of Beogh.
  4380 | D:9      | Reached XP level 11. HP: 100/100 MP: 12/14
  4513 | D:9      | Identified the cursed +0 buckler of Qyhin {rElec Dex+8}
                  | (You found it on level 9 of the Dungeon)
  4629 | D:9      | Found a shimmering blue altar of Sif Muna.
  4713 | D:10     | Entered Level 10 of the Dungeon
  4739 | D:10     | Reached skill level 7 in Invocations
  4755 | D:10     | Reached ***** piety under Makhleb
  4755 | D:10     | Reached skill level 1 in Dodging
  5172 | D:10     | Noticed Gastronok
  5199 | D:10     | Killed Gastronok
  5593 | D:11     | Found a staircase to the Lair.
  5667 | D:11     | Noticed a two-headed ogre
  5668 | D:11     | Noticed a white ugly thing
  5676 | D:11     | Killed a two-headed ogre
  5681 | D:11     | Killed a white ugly thing
  5787 | D:11     | You fall into a shaft and drop 3 floors!
  5799 | D:14     | Reached skill level 8 in Invocations
  5929 | D:14     | Noticed Snorg
  5958 | D:14     | Killed Snorg
  5958 | D:14     | Reached skill level 5 in Dodging
  6298 | D:12     | Reached XP level 12. HP: 110/110 MP: 12/12
  6672 | Lair:1   | Entered Level 1 of the Lair of Beasts
  6788 | Lair:2   | Got a glittering pewter amulet
  6794 | Lair:2   | Identified the amulet "Rimann" {RegenMP +Blink rC++} (You
                  | found it on level 2 of the Lair of Beasts)
  6880 | Lair:2   | Noticed a death yak
  6881 | Lair:2   | Noticed a death yak
  6891 | Lair:2   | Killed a death yak
  6891 | Lair:2   | Reached skill level 9 in Invocations
  6900 | Lair:2   | Killed a death yak
  6905 | Lair:2   | Reached skill level 10 in Armour
  7001 | Lair:2   | Reached ****** piety under Makhleb
  7117 | Lair:2   | Found a staircase to the Snake Pit.
  7410 | Lair:3   | Noticed a death yak
  7410 | Lair:3   | Noticed a death yak
  7410 | Lair:3   | Noticed a death yak
  7410 | Lair:3   | Noticed a death yak
  7422 | Lair:3   | Killed a death yak
  7423 | Lair:3   | Killed a death yak
  7427 | Lair:3   | Killed a death yak
  7432 | Lair:3   | Killed a death yak
  7611 | Lair:3   | Found a dark tunnel.
  7626 | Volcano  | Entered a volcano
  7668 | Volcano  | Reached XP level 13. HP: 121/121 MP: 14/14
  7711 | Volcano  | Found a bloodstained altar of Trog.
  7719 | Volcano  | Reached skill level 10 in Invocations
  7978 | Lair:3   | Found a staircase to the Swamp.
  8668 | Orc:1    | Entered Level 1 of the Orcish Mines
  8668 | Orc:1    | Found a bloodstained altar of Trog.
  9066 | Orc:2    | Entered Level 2 of the Orcish Mines
  9082 | Orc:2    | Found Cetom's Book Boutique.
  9103 | Orc:2    | Found Jianor's Jewellery Shoppe.
  9135 | Orc:2    | Noticed an orc warlord
  9152 | Orc:2    | Reached skill level 10 in Fighting
  9156 | Orc:2    | Gained mutation: Your spells are a little easier to cast,
                  | but a little less powerful. [a neqoxec]
  9185 | Orc:2    | Killed an orc warlord
  9193 | Orc:2    | Found Juomass's Antique Armour Boutique.
  9253 | Orc:2    | Bought a transparent plate armour for 672 gold pieces
  9253 | Orc:2    | Identified the +0 plate armour of the Saviour {rPois} (You
                  | bought it in a shop on level 2 of the Orcish Mines)
  9281 | Orc:2    | Found a staircase to the Elven Halls.
  9366 | Orc:2    | Gained mutation: Your body sometimes deteriorates upon
                  | taking damage. [a neqoxec]
  9401 | Orc:2    | Found Runameic's Antique Weapon Boutique.
  9512 | Orc:2    | Found Sauciozo's General Store.
  9520 | Orc:2    | Bought a scroll of teleportation for 39 gold pieces
  9520 | Orc:2    | Bought a scroll of teleportation for 39 gold pieces
  9520 | Orc:2    | Bought a scroll of teleportation for 39 gold pieces
  9545 | Orc:2    | Reached skill level 11 in Invocations
  9703 | Snake:1  | Entered Level 1 of the Snake Pit
  9718 | Snake:1  | Found Jecett's Assorted Antiques.
  9765 | Snake:1  | Bought a potion of might for 136 gold pieces
  9765 | Snake:1  | Bought a scroll of enchant weapon for 255 gold pieces
  9817 | Snake:2  | Gained mutation: You resist negative energy. (rN+) [Deep
                  | Dwarf growth]
  9817 | Snake:2  | Reached XP level 14. HP: 133/133 MP: 13/13
  9921 | Snake:2  | Reached skill level 15 in Axes
 10171 | Snake:3  | Reached skill level 10 in Shields
 10473 | Snake:4  | Entered Level 4 of the Snake Pit
 10533 | Snake:4  | Noticed Kirke
 10572 | Snake:4  | Reached skill level 12 in Invocations
 10577 | Snake:4  | Killed Kirke
 10629 | Snake:4  | Found Uqae's Magic Scroll Shoppe.
 10668 | Snake:4  | Bought a scroll of blinking for 112 gold pieces
 10668 | Snake:4  | Bought a scroll of blinking for 112 gold pieces
 10668 | Snake:4  | Bought a scroll of enchant weapon for 112 gold pieces
 10921 | Snake:4  | Reached XP level 15. HP: 144/144 MP: 15/15
 11087 | Snake:4  | Noticed a nagaraja
 11089 | Snake:4  | Noticed a nagaraja
 11100 | Snake:4  | Noticed a nagaraja
 11105 | Snake:4  | Noticed a nagaraja
 11105 | Snake:4  | Noticed a nagaraja
 11108 | Snake:4  | Noticed a nagaraja
 11121 | Snake:4  | Killed a nagaraja
 11125 | Snake:4  | Killed a nagaraja
 11136 | Snake:4  | Killed a nagaraja
 11173 | Snake:4  | Killed a nagaraja
 11174 | Snake:4  | Killed a nagaraja
 11177 | Snake:4  | Reached skill level 13 in Invocations
 11236 | Snake:4  | Killed a nagaraja
 11271 | Snake:4  | Got a serpentine rune of Zot
 11468 | Swamp:1  | Entered Level 1 of the Swamp
 11569 | Swamp:1  | Reached XP level 16. HP: 154/154 MP: 14/14
 11875 | Swamp:3  | Found a broken altar of Ashenzari.
 12041 | Swamp:3  | Noticed a thorn hunter
 12065 | Swamp:3  | Killed a thorn hunter
 12065 | Swamp:3  | Reached skill level 1 in Evocations
 12071 | Swamp:4  | Entered Level 4 of the Swamp
 12082 | Swamp:4  | Noticed Mara
 12084 | Swamp:4  | Noticed EnegeticOcto's illusion
 12114 | Swamp:4  | Noticed EnegeticOcto's illusion
 12124 | Swamp:4  | Killed Mara
 12202 | Swamp:4  | Noticed Nikola
 12209 | Swamp:4  | Noticed a thorn hunter
 12224 | Swamp:4  | HP: 5/157 [13-headed hydra (14)]
 12234 | Swamp:4  | Killed a thorn hunter
 12234 | Swamp:4  | Reached skill level 14 in Invocations
 12250 | Swamp:4  | Paralysed by a hornet for 2 turns
 12282 | Swamp:4  | Killed Nikola
 12317 | Swamp:4  | Got a decaying rune of Zot
 12622 | D:15     | Entered Level 15 of the Dungeon
 12702 | D:15     | Paralysed by a hornet for 3 turns
 12776 | D:15     | Found Dorocul's Assorted Antiques.
 12816 | D:15     | Bought a scroll of magic mapping for 84 gold pieces
 12816 | D:15     | Bought a scroll of enchant armour for 180 gold pieces
 12816 | D:15     | Bought a scroll of enchant weapon for 180 gold pieces
 13121 | D:15     | Reached XP level 17. HP: 165/165 MP: 12/12
 13254 | D:15     | Found a staircase to the Depths.
 13264 | D:15     | Reached skill level 5 in Evocations
 13672 | Depths:1 | Entered Level 1 of the Depths
 13744 | Depths:1 | Found Petots's Gadget Emporium.
 13744 | Depths:1 | Found Gablop's Distillery.
 13745 | Depths:1 | Found Neruew's Antique Armour Shoppe.
 13747 | Depths:1 | Found Zaqul's Distillery.
 13759 | Depths:1 | Bought a potion of haste for 170 gold pieces
 13759 | Depths:1 | Bought a potion of might for 68 gold pieces
 13901 | Depths:1 | Found a gateway to Hell.
 14103 | Depths:2 | Found a gateway to a ziggurat.
 14104 | Depths:2 | Found a one-way gate to the infinite horrors of the Abyss.
 14121 | Depths:2 | Reached skill level 15 in Invocations
 14145 | Depths:2 | Voluntarily entered the Abyss.
 14335 | Abyss:1  | Gained mutation: You occasionally shout uncontrollably at
                  | your foes. [a neqoxec]
 14459 | Abyss:1  | Noticed a lich
 14496 | Abyss:1  | Killed a lich
 14860 | Abyss:2  | Found a corrupted altar of Lugonu.
 14922 | Abyss:3  | Reached skill level 15 in Fighting
 14959 | Abyss:3  | Found an opulent altar of Gozag.
 15076 | Abyss:3  | Found a corrupted altar of Lugonu.
 15211 | Abyss:3  | Gained mutation: You passively map a large area around you.
                  | [Deep Dwarf growth]
 15211 | Abyss:3  | Reached XP level 18. HP: 178/178 MP: 14/14
 15219 | Abyss:3  | Noticed a bone dragon
 15251 | Abyss:3  | Killed a bone dragon
 15618 | Abyss:3  | Noticed a juggernaut
 15618 | Abyss:3  | a titan changed into a juggernaut
 15625 | Abyss:3  | a juggernaut changed into a titan
 15628 | Abyss:3  | Noticed a shard shrike
 15628 | Abyss:3  | a titan changed into a shard shrike
 15638 | Abyss:3  | Noticed an iron giant
 15638 | Abyss:3  | a shard shrike changed into an iron giant
 15641 | Abyss:3  | an iron giant changed into an iron dragon
 15650 | Abyss:3  | Noticed an iron giant
 15650 | Abyss:3  | an iron dragon changed into an iron giant
 15655 | Abyss:3  | Noticed a caustic shrike
 15655 | Abyss:3  | an iron giant changed into a caustic shrike
 15660 | Abyss:3  | Killed a caustic shrike
 15861 | Abyss:3  | Reached skill level 16 in Invocations
 15896 | Abyss:3  | Got an abyssal rune of Zot
 15902 | Abyss:3  | Noticed a bone dragon
 15926 | Abyss:3  | Killed a bone dragon
 15926 | Abyss:3  | Reached skill level 15 in Armour
 15930 | Depths:2 | Escaped the Abyss
 15989 | Depths:3 | Found a one-way gate leading to the halls of Pandemonium.
 16085 | Depths:3 | Reached skill level 10 in Evocations
 16135 | Depths:3 | Reached XP level 19. HP: 186/188 MP: 13/13
 16172 | Depths:5 | Entered Level 5 of the Depths
 16231 | Depths:5 | Noticed a juggernaut
 16256 | Depths:5 | Killed a juggernaut
 16290 | Depths:5 | Noticed a lich
 16294 | Depths:5 | Noticed a golden dragon
 16312 | Depths:5 | Killed a golden dragon
 16314 | Depths:5 | Noticed a juggernaut
 16315 | Depths:5 | Killed a lich
 16322 | Depths:5 | Noticed a golden dragon
 16325 | Depths:5 | Noticed a golden dragon
 16340 | Depths:5 | Reached skill level 17 in Invocations
 16350 | Depths:5 | Killed a golden dragon
 16359 | Depths:5 | Killed a juggernaut
 16376 | Depths:5 | Reached skill level 15 in Shields
 16378 | Depths:5 | Killed a golden dragon
 16463 | Depths:5 | Found a gate to the Realm of Zot.
 16470 | Zot:1    | Entered Level 1 of the Realm of Zot
 16580 | Zot:2    | Noticed a golden dragon
 16606 | Zot:2    | Killed a golden dragon
 16606 | Zot:2    | Reached XP level 20. HP: 143/201 MP: 7/7
 16630 | Zot:2    | Noticed a golden dragon
 16631 | Zot:2    | Noticed a golden dragon
 16640 | Zot:2    | Killed a golden dragon
 16685 | Zot:2    | Killed a golden dragon
 16694 | Zot:2    | Reached skill level 18 in Invocations
 16698 | Zot:2    | Noticed a golden dragon
 16717 | Zot:2    | Killed a golden dragon
 16867 | Zot:3    | Noticed a curse toe
 16895 | Zot:3    | Killed a curse toe
 16991 | Zot:3    | Noticed a golden dragon
 17013 | Zot:3    | Killed a golden dragon
 17025 | Zot:4    | Noticed a golden dragon
 17026 | Zot:4    | Noticed a curse toe
 17043 | Zot:4    | Killed a golden dragon
 17052 | Zot:4    | Killed a curse toe
 17114 | Zot:4    | Noticed a golden dragon
 17121 | Zot:4    | Killed a golden dragon
 17159 | Zot:5    | Entered Level 5 of the Realm of Zot
 17167 | Zot:5    | Reached skill level 19 in Invocations
 17175 | Zot:5    | Noticed a Killer Klown
 17223 | Zot:5    | Killed a Killer Klown
 17376 | Zot:5    | Noticed a Killer Klown
 17376 | Zot:5    | Noticed a Killer Klown
 17376 | Zot:5    | Gained mutation: You are clumsy. (Dex -2) [an orb of fire]
 17376 | Zot:5    | Noticed an orb of fire
 17376 | Zot:5    | Noticed an orb of fire
 17376 | Zot:5    | Noticed an orb of fire
 17377 | Zot:5    | Noticed an orb of fire
 17382 | Zot:5    | Gained mutation: You are frail. (-10% HP) [an orb of fire]
 17384 | Zot:5    | Noticed an orb of fire
 17384 | Zot:5    | Noticed an orb of fire
 17384 | Zot:5    | Noticed a Killer Klown
 17384 | Zot:5    | Noticed an orb of fire
 17384 | Zot:5    | Noticed a Killer Klown
 17384 | Zot:5    | Noticed a Killer Klown
 17384 | Zot:5    | Gained mutation: Scrolls take you a little longer to read.
                  | [an orb of fire]
 17384 | Zot:5    | Noticed an orb of fire
 17385 | Zot:5    | Gained mutation: Scrolls take you longer to read. [an orb
                  | of fire]
 17385 | Zot:5    | Noticed an ancient lich
 17763 | Zot:5    | Killed a Killer Klown
 17770 | Zot:5    | Noticed an ancient lich
 17774 | Zot:5    | Killed an ancient lich
 17774 | Zot:5    | Reached XP level 21. HP: 131/191 MP: 1/1
 17774 | Zot:5    | Gained mutation: Your spells are easier to cast, but less
                  | powerful. [an orb of fire]
 17798 | Zot:5    | Gained mutation: Armour fits poorly on your strangely
                  | shaped body. [an orb of fire]
 17804 | Zot:5    | Gained mutation: Your body often deteriorates upon taking
                  | damage. [an orb of fire]
 17809 | Zot:5    | Gained mutation: Scrolls take you much longer to read. [an
                  | orb of fire]
 17819 | Zot:5    | Gained mutation: You are weak. (Str -2) [an orb of fire]
 17822 | Zot:5    | Killed an orb of fire
 17822 | Zot:5    | Reached skill level 10 in Dodging
 17837 | Zot:5    | Killed an ancient lich
 17842 | Zot:5    | Gained mutation: You tend to lose your temper in combat.
                  | [an orb of fire]
 17855 | Zot:5    | Killed an orb of fire
 17873 | Zot:5    | Lost mutation: You are frail. (-10% HP) [an orb of fire]
 17883 | Zot:5    | HP: 5/213 [orb of fire/fireball (11)]
 17883 | Zot:5    | Killed from afar by an orb of fire

Illustrated notes

Levels and vault maps discovered:
D:1:      lightli_arrival_lavapool, layout_loops_ring, minmay_hedge_maze
D:2:      layout_rooms, uniq_natasha
D:3:      layout_rooms, nicolae_overflow_crystal_walls, uniq_grinder,
          uniq_crazy_yiuf_cottage
D:4:      layout_rooms, kennysheep_okawaru_gauntlet
D:5:      layout_cave_pods, basic_altar, uniq_prince_ribbit1, uniq_duvessa
D:6:      layout_basic, temple_doors_e, uniq_pikel
D:7:      layout_basic
D:8:      layout_rooms, st_stairs_3, lightli_minifort
D:9:      layout_roguey [special_room_bee], led_sif_pool,
          minmay_orc_entry_temple_small
D:10:     layout_cave_pods, uniq_gastronok
D:11:     layout_roguey, dpeg_oklobed_lair
D:12:     layout_basic
D:13:     layout_small_grid, serial_bayou_pond_e
D:14:     layout_cave_pods, grunt_vaults_entry_tiered, basic_altar,
          chequers_serial_rivers_micro_c, uniq_louise, uniq_snorg
D:15:     gammafunk_enter_depths_forms, layout_grid_maze,
          kennysheep_pointless_box, serial_shops, shop_statue
Temple:   regret_index_temple_chain_breaker
Lair:1:   layout_cave_pods
Lair:2:   layout_roguey, guppyfry_snake_entry_garden,
          grunt_forest_stairs_clearing
Lair:3:   layout_regular_city, skrybe_swamp_entry_bodies,
          nicolae_volcano_entry_batcave
Swamp:1:  layout_basic_swamp, ebering_ghost_reflecting_pool,
          evilmike_swamp_ruin_house_6, infiniplex_staircase_pool_2
Swamp:2:  gammafunk_mikee_crab_dinner, layout_basic_swamp, serial_swamp_ruin,
          evilmike_swamp_ruin_house_4, evilmike_swamp_ruin_house_1, swamp_pool4
Swamp:3:  layout_basic_swamp, basic_altar
Swamp:4:  swamp, layout_basic_swamp, uniq_nikola, uniq_mara
Snake:1:  layout_rooms, serial_shops, shop, drop_trap
Snake:2:  gammafunk_its_a_trap, layout_onion
Snake:3:  layout_chambers, drop_trap, guppyfry_library_mini, uniq_saint_roka,
          uniq_azrael
Snake:4:  snake_pit, layout_grid_shapes, serial_shops, shop_statue,
          hangedman_snake_corridor_cut, lemuel_fruit_tree, uniq_kirke
Orc:1:    layout_caves, basic_altar
Orc:2:    grunt_orc_gardens, layout_caves, grunt_orc_garden, grunt_orc_garden,
          grunt_orc_garden, grunt_orc_garden, minmay_shop_enchanted_jewellery
Depths:1: layout_cave_shapes, minmay_misc_feat_plants, abyss_entry, hell_entry,
          minmay_gold_behind_fungi, lemuel_freeze_loot_1, minmay_shoptagon
Depths:2: hangedman_pleasuredromes, abyss_entry, hell_entry, uniq_aizul
Depths:3: minmay_connected_triangles_in_corner, layout_long_grid,
          pf_hell_entry_great_geh, nicolae_ashenzari_panopticon,
          rand_demon_pan_entry_8, evilmike_spriggan_trog_shrine,
          infiniplex_staircase_pillars_1
Depths:4: minmay_the_grid_octo_tiled_octocenter_mashed
          [minmay_the_grid_octo_fat_diamond, minmay_the_grid_octo_odd_swirl,
          minmay_the_grid_octo_toaster, minmay_the_grid_octo_empty,
          minmay_the_grid_octo_prize_ultimate_mussel_roller,
          minmay_the_grid_square_5x5_shuriken,
          minmay_the_grid_square_5x5_broken_cross,
          minmay_the_grid_square_5x5_two_small,
          minmay_the_grid_square_5x5_half_checkered], layout_gridlike,
          serial_rivers, chequers_serial_rivers_micro_e,
          chequers_serial_rivers_room_b, chequers_serial_rivers_micro_c,
          chequers_serial_rivers_micro_c, lightli_too_deep,
          hangedman_abyss_or_decor_jellyfish_corner, abyss_entry
Depths:5: evilmike_zot_entry_diamond, layout_cave_pools,
          hangedman_abyss_or_decor_lesser_grid, hellmouth_1,
          rand_demon_pan_entry_1
Zot:1:    gammafunk_sealed_arena, layout_basic
Zot:2:    layout_onion_interference, grunt_ministairs_7,
          st_large_dragon_hoard_1, grunt_megastairs_3
Zot:3:    layout_basic, st_single_dragon_hoard_3, grunt_ministairs_7
Zot:4:    layout_gridlike
Zot:5:    layout_basic, st_stairs_4

Skill      XL: |  1  2  3  4  5  6  7  8  9 10 11 12 13 14 15 16 17 18 19 20 21 |
---------------+----------------------------------------------------------------+-----
Axes           | 3 4 5 6 8 9 11 12 13 14 15 17 18 | 18.0
Fighting       | 3 4 5 6 7 8 9 10 11 12 13 15 16 17 18 | 18.6
Shields        | 4 5 6 7 8 9 10 11 12 13 14 15 | 15.2
Armour         | 4 5 6 7 8 9 10 11 12 13 14 15 16 17 | 17.1
Invocations    | 1 4 6 8 9 11 12 13 14 15 16 17 19 | 19.9
Dodging        | 5 7 9 10 | 10.4
Evocations     | 4 8 10 | 10.0

Action                   |  1- 3 |  4- 6 |  7- 9 | 10-12 | 13-15 | 16-18 | 19-21 || total
-------------------------+-------+-------+-------+-------+-------+-------+-------++-------
Melee: War axe           |    73 |    36 |   292 |   760 |  1048 |  1593 |   726 ||  4528
       Hand axe          |       |    84 |    40 |       |       |       |       ||   124
Invok: Lesser Servant of |       |       |       |     1 |     4 |     4 |     4 ||    13
       Greater Servant o |       |       |       |       |     2 |     9 |     3 ||    14
 Abil: Heal Wounds       |     2 |     3 |     9 |    16 |    32 |    23 |    46 ||   131
Evoke: Condenser vane    |       |       |       |       |       |     2 |     3 ||     5
       Wand              |       |       |       |       |       |       |     2 ||     2
  Use: Scroll            |       |       |    14 |    16 |    13 |    12 |    11 ||    66
       Potion            |       |       |       |       |     4 |     3 |     8 ||    15
 Stab: Distracted        |       |       |       |       |       |     6 |       ||     6
       Confused          |       |       |       |       |       |     1 |     8 ||     9
Armor: Scale mail        |    12 |       |       |       |       |       |       ||    12
       Chain mail        |    32 |    62 |   150 |    47 |    61 |   618 |   307 ||  1277
       Plate armour      |       |       |       |   429 |   655 |   250 |       ||  1334
       Gold dragon scale |       |       |       |       |       |       |   364 ||   364
Dodge: Dodged            |    25 |    39 |    83 |   315 |   592 |   758 |   426 ||  2238
Block: Kite shield       |    36 |    88 |   218 |   243 |       |       |       ||   585
       Buckler           |       |       |       |   138 |   443 |   527 |   349 ||  1457

Table legend: (Time is in decaauts)
 A = Elapsed time spent in this place.
 B = Non-inter-level travel time spent in this place.
 C = Inter-level travel time spent in this place.
 D = Time resting spent in this place.
 E = Time spent auto-exploring this place.
 F = Levels seen in this place.
 G = Mean time per level.
                   A        B        C        D        E       F      G
               +--------+--------+--------+--------+--------+-----+--------+
         Total |  17050 |  15498 |   1552 |    542 |   8518 |  43 |  396.5 |
       Dungeon |   7868 |   7216 |    652 |      0 |   4908 |  15 |  524.5 |
        Temple |    113 |    104 |      9 |      0 |     99 |   1 |  113.0 |
          Lair |   1772 |   1456 |    316 |      0 |   1068 |   3 |  590.7 |
         Swamp |    932 |    727 |    205 |      0 |    195 |   4 |  233.0 |
     Snake Pit |   1506 |   1368 |    138 |      0 |    619 |   4 |  376.5 |
  Orcish Mines |    866 |    807 |     59 |      0 |    532 |   2 |  433.0 |
        Depths |    871 |    840 |     31 |      0 |    323 |   5 |  174.2 |
           Zot |   1281 |   1142 |    139 |    534 |      0 |   5 |  256.2 |
         Abyss |   1586 |   1586 |      0 |      8 |    730 |   3 |  528.7 |
       Volcano |    251 |    251 |      0 |      0 |     43 |   1 |  251.0 |
               +--------+--------+--------+--------+--------+-----+--------+

Top non-repeatable levels by time:
    D:15: 968 daAuts
 Abyss:3: 922 daAuts
  Lair:3: 889 daAuts
     D:7: 887 daAuts
     D:5: 806 daAuts
     D:9: 803 daAuts
  Lair:2: 757 daAuts
    D:10: 743 daAuts
 Snake:4: 709 daAuts
     D:8: 700 daAuts
   Zot:5: 654 daAuts
 Abyss:1: 648 daAuts
    D:12: 581 daAuts
     D:6: 509 daAuts
     D:4: 479 daAuts
